 Dungeon Crawl Stone Soup version 0.28-a0-991-g956f0ee3d5 (webtiles) character file.

Game seed: 301034246231951595

1115 ders the Digger (level 8, -10/41 HPs)
             Began as a Gargoyle Earth Elementalist on Dec 5, 2021.
             Mangled by an ogre (26 damage)
             ... on level 5 of the Dungeon.
             The game lasted 00:05:49 (5557 turns).

ders the Digger (Gargoyle Earth Elementalist)       Turns: 5557, Time: 00:05:49

Health: -10/41     AC:  7    Str: 13    XL:     8   Next: 34%
Magic:  1/16       EV: 11    Int: 17    God:
Gold:   153        SH:  0    Dex: 10    Spells: 13/17 levels left

rFire   . . .      SeeInvis .   f - +2 dagger (speed)
rCold   . . .      Faith    .   (no shield)
rNeg    + . .      Spirit   .   b - +0 robe
rPois   ∞          Reflect  .   (no helmet)
rElec   +          Harm     .   (no cloak)
rCorr   .          Rampage  .   (no gloves)
Will    .....                   (no boots)
Stlth   ++........              (no amulet)
HPRegen 0.13/turn               (no ring)
MPRegen 0.15/turn               (no ring)

@: no status effects
A: sickness immunity, AC +5, negative energy resistance 1, electricity
resistance, torment resistance 1, petrification resistance
a: no special abilities


You were on level 5 of the Dungeon.
You visited 1 branch of the dungeon, and saw 5 of its levels.

You collected 153 gold pieces.

Inventory:

Hand Weapons
 f - a +2 dagger of speed (weapon)
Missiles
 c - 28 stones
Armour
 b - a +0 robe (worn)
Jewellery
 e - an amulet of magic regeneration
 h - a +4 ring of slaying
Scrolls
 a - 7 scrolls of identify {unknown}
 g - a scroll of vulnerability {unknown}
 i - a scroll of enchant weapon {unknown}
 l - 2 scrolls of holy word {unknown}
 m - a scroll of enchant armour {unknown}
Potions
 d - a potion of mutation {unknown}
 j - 2 potions of brilliance {unknown}
 k - a potion of heal wounds {unknown}


   Skills:
 - Level 1.5 Dodging
 - Level 2.1 Stealth
 + Level 5.3 Spellcasting
 + Level 5.8 Conjurations
 - Level 0.7 Transmutations
 + Level 7.5 Earth Magic


You had 13 spell levels left.
You knew the following spells:

 Your Spells              Type           Power      Damage    Failure   Level
a - Sandblast             Erth           60%        2d14      1%          1
b - Stone Arrow           Conj/Erth      54%        3d10      2%          3

Your spell library contained the following spells:

 Spells                   Type           Power      Damage    Failure   Level
 Passwall                 Tmut/Erth      15%        N/A       3%          2
 Apportation              Tloc           8%         N/A       14%         1
 Wereblood                Tmut           7%         N/A       16%         2
 Petrify                  Tmut/Erth      18%        N/A       24%         4
 Alistair's Intoxication  Tmut/Pois      3%         N/A       97%         5
 Summon Hydra             Summ           2%         N/A       100%        7
 Sublimation of Blood     Necr           Unusable   N/A       N/A         2

Dungeon Overview and Level Annotations

Branches:
Dungeon (5/15)
 Temple: D:4-7

Altars:

Shops:
D:1 (

Annotations:
D:4 2 transporters
D:5 2 transporters, croobank's ghost, novice OpDe


Innate Abilities, Weirdness & Mutations

You are immune to sickness and miasma.
Your stone body is resilient. (AC +5)
You are immune to poison.
You resist negative energy. (rN+)
You are resistant to electric shocks. (rElec)
You are resistant to unholy torment.
You are immune to petrification.


Message History

Beogh smites you!
For a moment, you lose track of croobank's ghost.
Croobank's ghost tries to sneak away.
You aren't carrying any items that you can evoke.
Casting: Sandblast (safe; 1% risk of failure)
Confirm with . or Enter, or press ? or * to list all spells.
Aiming: Stone Arrow (dangerous; 2% risk of failure)
Press: ? - help, Shift-Dir - straight line, f/p - necrophage
Aim: a necrophage (moderately damaged, 71% to hit)
The stone arrow hits the necrophage!!
You destroy the necrophage!
Unknown command.
Casting: Stone Arrow (dangerous; 2% risk of failure)
Confirm with . or Enter, or press ? or * to list all spells.
Aiming: Stone Arrow (dangerous; 2% risk of failure)
Press: ? - help, Shift-Dir - straight line, f - ogre
Aim: an ogre, wielding a +0 giant spiked club (86% to hit)
The stone arrow hits the ogre!
The ogre is heavily wounded.
The ogre barely misses you.
Unknown command.
Casting: Stone Arrow (dangerous; 2% risk of failure)
Confirm with . or Enter, or press ? or * to list all spells.
Aiming: Stone Arrow (dangerous; 2% risk of failure)
Press: ? - help, Shift-Dir - straight line, f/p - ogre
Aim: an ogre, wielding a +0 giant spiked club (heavily wounded, 86% to hit)
The stone arrow hits the ogre!
The ogre is severely wounded.
Unknown command.
Casting: Stone Arrow (dangerous; 2% risk of failure)
Confirm with . or Enter, or press ? or * to list all spells.
You don't have enough magic to cast this spell.
Casting: Stone Arrow (dangerous; 2% risk of failure)
Confirm with . or Enter, or press ? or * to list all spells.
You don't have enough magic to cast this spell.
The orc priest begins to cast a cantrip, but forgets the words!
There is a stone staircase leading up here.
The ogre hits you with a +0 giant spiked club!!
Ouch! That really hurt!
You die...

#.# #.# #.≈≈#..#8###8#gg
#.######### #.#
#.≈≈####.....###
#<........# #.#
#.≈≈≈≈≈≈≈≈≈≈≈≈≈≈
##.#######.# #.#
#.≈≈≈≈≈≈≈≈≈≈≈≈≈≈
...#######.# #.#
#...............
##.......#.# #.#
###.###...#.....
#######.#.###.#####.#
#..O.O..o.
#.#...........#
##.###.###
#.###....@########.# #.#
#.........O.o...o..# #.#
####.........#########.#
#.....<.#...........#
#.........###########
###...##### #...# #####


You could see an ogre, an orc priest and an orc.

Vanquished Creatures
  2 necrophages (D:5)
  A centaur (D:5)
  A bullfrog (D:5)
  2 scorpions (D:5)
  A wyvern skeleton (D:5)
  A hound (D:5)
  A gnoll shaman (D:5)
  A centaur skeleton (D:5)
  4 orc priests
  Natasha (thrice) (D:2)
  2 iguanas (D:5)
  3 orc wizards
  A hound skeleton (D:5)
  A howler monkey zombie (D:4)
  3 gnolls (D:5)
  6 adders
  A howler monkey skeleton (D:4)
  2 ufetubi
  An adder skeleton (D:4)
  2 dart slugs
  7 orcs
  3 ball pythons
  6 bats
  8 endoplasms
  5 giant cockroaches
  7 goblins
  10 hobgoblins
  8 kobolds
  4 quokkas
  6 frilled lizards
  5 rats
108 creatures vanquished.

Vanquished Creatures (others)
  A demonic plant (D:1)
  9 plants
10 creatures vanquished.

Grand Total: 118 creatures vanquished

Notes
Turn   | Place    | Note
-------+----------+-------------------------------------------
     0 | D:1      | ders the Gargoyle Earth Elementalist began the quest for
                  | the Orb.
     0 | D:1      | Reached XP level 1. HP: 10/10 MP: 3/3
    36 | D:1      | Found Uled's Weapon Shop.
   367 | D:1      | Found a faded altar of an unknown god.
   697 | D:1      | Reached XP level 2. HP: 15/15 MP: 1/5
   801 | D:1      | Reached skill level 1 in Conjurations
   904 | D:1      | Reached skill level 4 in Earth Magic
  1238 | D:1      | Reached XP level 3. HP: 16/19 MP: 2/6
  2090 | D:2      | Reached XP level 4. HP: 24/24 MP: 6/8
  2376 | D:2      | Noticed Natasha
  2385 | D:2      | Killed Natasha
  2467 | D:2      | Learned a level 3 spell: Stone Arrow
  2468 | D:2      | Noticed Natasha
  2472 | D:2      | Killed Natasha
  2491 | D:2      | Noticed Natasha
  2494 | D:2      | Killed Natasha
  2495 | D:2      | Reached skill level 5 in Earth Magic
  2495 | D:2      | Reached XP level 5. HP: 17/28 MP: 2/9
  3109 | D:3      | Reached XP level 6. HP: 32/32 MP: 3/11
  3575 | D:4      | Found a transporter.
  3684 | D:4      | Paralysed by an orc for 4 turns
  4164 | D:4      | Found a transporter.
  4504 | D:5      | Entered Level 5 of the Dungeon
  4564 | D:5      | Identified the +1 buckler of Muttered Phrases {rPois rN++
                  | Str-5 Dex+2}
  4695 | D:5      | Reached skill level 6 in Earth Magic
  4695 | D:5      | Reached XP level 7. HP: 32/36 MP: 5/13
  4906 | D:5      | Found a transporter.
  4907 | D:5      | Found a transporter.
  5082 | D:5      | Reached skill level 5 in Conjurations
  5120 | D:5      | Reached skill level 7 in Earth Magic
  5155 | D:5      | Noticed croobank's ghost (novice OpDe)
  5281 | D:5      | Identified the amulet of Lilacs {Spirit Regen+ Str-5 Dex+5
                  | Stlth+}
  5289 | D:5      | Reached skill level 5 in Spellcasting
  5289 | D:5      | Reached XP level 8. HP: 41/41 MP: 8/15
  5557 | D:5      | Mangled by an ogre

Illustrated notes

Levels and vault maps discovered:
D:1:      psy_arrival_fountain, layout_basic, shapermc_ecumenical_altar_gd,
          serial_shops, nicolae_shop_bloodbath_and_beyond, chequers_jeans,
          minmay_misc_feat_iff
D:2:      layout_rooms, serial_corexii_hall, corexii_hall_statues_x,
          corexii_hall_statues_i, chequers_hall_statues_corner_a,
          chequers_avenue, minmay_ruptured, uniq_natasha
D:3:      layout_rooms, minmay_misc_feat_tiny
D:4:      gammafunk_wand_slinger, layout_cave_pools
D:5:      layout_loops_ring, gammafunk_ghost_gnarly_gnolls, minmay_circle_x

Skill      XL: |  1  2  3  4  5  6  7 |
---------------+----------------------+-----
Conjurations   | 1 2 3 4 5 |  5.8
Earth Magic    | 4 5 6 7 |  7.5
Spellcasting   | 3 4 5 |  5.3
Dodging        | |  1.5
Stealth        | |  2.1
Transmutations | |  0.7

Action                   |  1- 3 |  4- 6 |  7- 9 || total
-------------------------+-------+-------+-------++-------
Melee: Unarmed           |    16 |       |       ||    16
       Dagger            |     4 |    37 |     8 ||    49
 Cast: Sandblast         |    54 |    56 |    15 ||   125
       Stone Arrow       |       |    22 |    21 ||    43
Evoke: Wand              |       |       |     6 ||     6
Armor: Robe              |    10 |    22 |       ||    32
Dodge: Dodged            |    15 |    34 |    11 ||    60

Table legend: (Time is in decaauts)
 A = Elapsed time spent in this place.
 B = Non-inter-level travel time spent in this place.
 C = Inter-level travel time spent in this place.
 D = Time resting spent in this place.
 E = Time spent auto-exploring this place.
 F = Levels seen in this place.
 G = Mean time per level.
                   A        B        C        D        E       F      G
               +--------+--------+--------+--------+--------+-----+--------+
         Total |   5540 |   5407 |    133 |   1332 |   3418 |   5 | 1108.0 |
       Dungeon |   5540 |   5407 |    133 |   1332 |   3418 |   5 | 1108.0 |
               +--------+--------+--------+--------+--------+-----+--------+

Top non-repeatable levels by time:
     D:1: 1709 daAuts
     D:2: 1171 daAuts
     D:5: 1050 daAuts
     D:4: 828 daAuts
     D:3: 779 daAuts
